 Dungeon Crawl Stone Soup version 0.28.0-45-g0d030f2227 (webtiles) character file.

Game seed: 3088900819641619485

66286 Peloso the Peltast (level 14, -4/130 HPs)
             Began as a Minotaur Fighter on Apr 3, 2022.
             Was a High Priest of Okawaru.
             Slain by a deep elf knight
             ... wielding a +0 short sword
              (16 damage)
             ... on level 15 of the Dungeon.
             The game lasted 01:12:23 (26094 turns).

Peloso the Peltast (Minotaur Fighter)              Turns: 26094, Time: 01:12:24

Health: -4/130     AC: 24    Str: 23    XL:     14   Next: 78%
Magic:  15/15      EV: 10    Int:  7    God:    Okawaru [*****.]
Gold:   1757       SH: 16    Dex: 13    Spells: 13/13 levels left

rFire   + + .      SeeInvis .   b - +3 scimitar (flame)
rCold   + + .      Faith    .   d - +2 shield of Resistance {rF++ rC++ Will++}
rNeg    + + .      Spirit   .   Y - +2 chain mail of the Ageless Wonders {*Slow rElec Regen+ Int+2}
rPois   +          Reflect  .   (helmet restricted)
rElec   +          Harm     .   R - +1 cloak "Guzxeven" {Rampage rPois}
rCorr   .          Rampage  ∞   A - +0 pair of gloves
Will    ++++.                   s - +3 pair of seven-league boots {Rampage+∞}
Stlth   ..........              o - amulet "Demp" {Acrobat rPois rN++}
HPRegen 1.11/turn               x - ring of poison resistance
MPRegen 0.14/turn               u - ring of willpower

@: no status effects
A: horns 2, retaliatory headbutt
a: Renounce Religion, Heroism, Finesse, Duel


You were on level 15 of the Dungeon.
You worshipped Okawaru.
Okawaru was extremely pleased with you.
You visited 4 branches of the dungeon, and saw 22 of its levels.
You also visited: Gauntlet.

You collected 2054 gold pieces.
You spent 297 gold pieces at shops.

Inventory:

Hand Weapons
 a - a +6 falchion of freezing
 b - a +3 scimitar of flaming (weapon)
 c - a +3 long sword
Armour
 d - the +2 shield of Resistance (worn) {rF++ rC++ Will++}
   (You found it on level 9 of the Dungeon)

   rF:        It greatly protects you from fire.
   rC:        It greatly protects you from cold.
   Will:      It greatly increases your willpower.
 f - the +0 kite shield of Action {Str+4}
   (Okawaru gifted it to you in a Gauntlet)

   Str:       It affects your strength (+4).
 i - the +1 scale mail "Daisor" {Rampage rF+ Int-2 Dex+3}
   (You bought it in a shop on level 2 of the Orcish Mines)

   Int:       It affects your intelligence (-2).
   Dex:       It affects your dexterity (+3).
   rF:        It protects you from fire.
   Rampage:   It bestows one free step when moving towards enemies.
 j - the +4 plate armour of Beyond {Fly rPois rCorr Str-5}
   (Okawaru gifted it to you on level 2 of the Orcish Mines)

   Str:       It affects your strength (-5).
   rPois:     It protects you from poison.
   Fly:       It grants you flight.
   rCorr:     It protects you from acid and corrosion.
 s - the +3 pair of seven-league boots (worn) {Rampage+∞}
   (You found it on level 4 of the Lair of Beasts)

   Its wearer moves as far as possible in that direction when moving towards
   enemies.
 A - a +0 pair of gloves (worn)
 H - the +1 chain mail "Usiblir" {rF+ Will+}
   (You took it off a minotaur in a Gauntlet)

   rF:        It protects you from fire.
   Will:      It increases your willpower.
 P - a +1 chain mail of willpower
 R - the +1 cloak "Guzxeven" (worn) {Rampage rPois}
   (Okawaru gifted it to you on level 2 of the Lair of Beasts)

   rPois:     It protects you from poison.
   Rampage:   It bestows one free step when moving towards enemies.
 Y - the +2 chain mail of the Ageless Wonders (worn) {*Slow rElec Regen+ Int+2}
   (You found it in a Gauntlet)

   Int:       It affects your intelligence (+2).
   rElec:     It insulates you from electricity.
   Regen:     It increases your rate of health regeneration.
   *Slow:     It may slow you when you take damage.
Jewellery
 o - the amulet "Demp" (around neck) {Acrobat rPois rN++}
   (You took it off a kobold brigand on level 9 of the Dungeon)

   [amulet of the acrobat]

   It increases your evasion while moving and waiting.
   rPois:     It protects you from poison.
   rN:        It greatly protects you from negative energy.
 u - a ring of willpower (right hand)
 x - a ring of poison resistance (left hand)
 D - a ring of flight
 Z - a ring of see invisible
Wands
 v - a wand of flame (9)
 w - a wand of paralysis (22)
Scrolls
 e - 2 scrolls of enchant armour
 n - 7 scrolls of teleportation
 q - 5 scrolls of identify
 r - 5 scrolls of noise
 t - 2 scrolls of fear
 z - a scroll of amnesia
 K - 3 scrolls of summoning
 M - 2 scrolls of enchant weapon
 S - a scroll of magic mapping
 X - 4 scrolls of immolation
Potions
 g - 3 potions of curing
 h - 2 potions of berserk rage
 k - a potion of might
 l - 4 potions of flight
 p - a potion of invisibility
 E - 2 potions of magic
 J - 2 potions of haste {unknown}
 L - 2 potions of degeneration {unknown}
 N - 3 potions of cancellation {unknown}
 O - a potion of resistance {unknown}
Miscellaneous
 y - a phantom mirror


   Skills:
 + Level 13.9 Fighting
 + Level 15.9 Long Blades
 + Level 1.0 Maces & Flails
 + Level 14.7 Armour
 + Level 6.8 Dodging
 + Level 2.3 Stealth
 + Level 17.1 Shields
 + Level 2.8 Invocations
 + Level 1.5 Evocations


You had 13 spell levels left.
You didn't know any spells.
Your spell library contained the following spells:

 Spells                   Type           Power      Damage    Failure   Level
 Foxfire                  Conj/Fire      0%         2x1d4     98%         1
 Pain                     Necr           0%         1d4       98%         1
 Corpse Rot               Necr/Air       0%         N/A       99%         2
 Poisonous Vapours        Pois/Air       0%         N/A       99%         2
 Sublimation of Blood     Necr           0%         N/A       99%         2
 Wereblood                Tmut           0%         N/A       99%         2
 Conjure Flame            Conj/Fire      0%         6-21      100%        3
 Inner Flame              Hex/Fire       0%         N/A       100%        3
 Ozocubu's Armour         Ice            0%         N/A       100%        3
 Vampiric Draining        Necr           0%         2d6       100%        3
 Flame Wave               Conj/Fire      0%         2d4       100%        4
 Petrify                  Tmut/Erth      0%         N/A       100%        4
 Irradiate                Conj/Tmut      0%         3d13      100%        5
 Iskenderun's Battlesphe  Conj           0%         2d6       100%        5
 Iron Shot                Conj/Erth      0%         9d1       100%        6
 Ozocubu's Refrigeration  Ice            0%         4d5       100%        7
 Animate Skeleton         Necr           Unusable   N/A       N/A         1
 Spellforged Servitor     Conj/Summ      Unusable   N/A       N/A         7
 Summon Hydra             Summ           Unusable   N/A       N/A         7

Dungeon Overview and Level Annotations

Branches:
Dungeon (15/15)            Temple (1/1) D:6            Lair (4/6) D:8
 Shoals (0/4) Lair:2       Spider (0/4) Lair:3          Orc (2/2) D:9
    Elf (0/3) Orc:2        Vaults (0/5) D:13        Gauntlet (visited)
 Depths: D:15

Altars:
Ashenzari
Cheibriados
Dithmenos
Elyvilon
Fedhas
Gozag
Hepliaklqana
Kikubaaqudgha
Makhleb
Nemelex Xobeh
Okawaru
Qazlal
Ru
Sif Muna
Trog
Uskayaw
Vehumet
Wu Jian
Xom
Yredelemnul
Zin
The Shining One

Shops:
D:13 *[   Orc:2 :[[((

Portals:
Trove: D:14 (give +4 storm dragon scales)

Annotations:
Lair:2 3 runed translucent doors, Qucvyi Areg's ghost, journeyman DrTm
Lair:3 2 transporters
Orc:2 2 runed translucent doors, exclusion: orange crystal statue


Innate Abilities, Weirdness & Mutations

You have a pair of horns on your head.
You reflexively headbutt those who attack you in melee.


Message History

You are knocked back by the lance of force.
You slam into the rock wall!
* * * LOW HITPOINT WARNING * * *
You feel much better. Something hits you!
* * * LOW HITPOINT WARNING * * *
You block the centaur warrior simulacrum's attack. x2
Unknown command.
You barely miss the centaur warrior simulacrum.
The centaur warrior simulacrum is moderately damaged.
Something completely misses you.
The centaur warrior simulacrum hits you.
* * * LOW HITPOINT WARNING * * *
The centaur warrior simulacrum freezes you.
You resist.
* * * LOW HITPOINT WARNING * * *
You block the centaur warrior simulacrum's attack.
You slash the centaur warrior simulacrum!
You melt the centaur warrior simulacrum.
You headbutt the centaur warrior simulacrum.
The centaur warrior simulacrum vaporises!
Okawaru accepts your kill. You block something's attack.
Unknown command.
Something completely misses you. Something misses you.
You hear some strange, mumbled words.
A shard of ice appears from out of thin air!
You block the shard of ice.
A deep elf knight appears from thin air!
Reactivating autopickup.
The deep elf knight mumbles some strange words.
The deep elf knight flickers and vanishes!
Deactivating autopickup; reactivate with Ctrl-A.
You hit something. You burn something. Your headbutt misses something.
You block something's attack.
Unknown command.
Something blocks your attack. Something hits you.
* * * LOW HITPOINT WARNING * * *
Unknown command.
You barely miss something. Something hits you!
You die...

#..........#
#.....)....#
#.....)....# ..
#..........# ...
#...°......#
...######..........#
..........########.#
[........{# #
.........@#
..........#
..........#
..........#
#.........#
#.........#
#.........#
#.........#
#.........######


There were no monsters in sight!

Vanquished Creatures
  Rupert (Lair:3)
  The ghost of Tinylith the Phalangite, a journeyman MfBe of Trog (Orc:2)
  Nessos (D:13)
  A minotaur (Gauntlet)
  The ghost of Alfie the Carver, a journeyman HOFi (D:9)
  7 boulder beetles
  3 hydras
  4 centaur warriors
  A catoblepas (Gauntlet)
  5 two-headed ogres
  9 skeletal warriors
  3 sixfirhies (Gauntlet)
  A fire crab (shapeshifter) (D:14)
  An orb spider (Lair:3)
  7 orc knights
  Pikel (D:8)
  A deep elf pyromancer (D:14)
  A cyclops (D:9)
  9 ugly things
  An orc sorcerer (Orc:1)
  4 elephants (Lair:2)
  2 black mambas
  A water nymph (shapeshifter) (D:9)
  2 centaur zombies
  2 molten gargoyles (Gauntlet)
  A guardian serpent (Lair:4)
  3 gargoyles
  5 cane toads
  An unseen horror (D:11)
  3 kobold demonologists
  4 komodo dragons
  A rime drake (shapeshifter) (D:13)
  An efreet (D:9)
  2 trolls
  A hornet (D:9)
  7 slime creatures
  A slime creature (shapeshifter) (D:13)
  A dream sheep (Lair:4)
  A centaur simulacrum (D:15)
  A shadow (D:5)
  4 wraiths
  39 yaks
  A vampire (D:13)
  3 wyverns
  16 humans (D:13)
  A chaos spawn (Gauntlet)
  A neqoxec (Gauntlet)
  A steam dragon (D:9)
  10 vampire mosquitoes
  An acid dragon (D:9)
  2 wargs (Orc:2)
  11 water moccasins
  A sky beast (D:6)
  A black bear (Lair:2)
  34 orc warriors
  9 ogres
  3 necrophages
  27 centaurs
  9 wolves
  2 phantoms
  8 bullfrogs
  10 kobold brigands (D:9)
  4 scorpions
  A wyvern zombie (D:7)
  3 water moccasin skeletons (D:5)
  9 wights
  10 howler monkeys
  An electric eel (Lair:1)
  A vampire bat (D:6)
  2 bullfrog zombies
  2 jellies
  8 orc priests
  5 hounds
  A centaur skeleton (D:5)
  3 iguanas
  14 orc wizards
  A scorpion zombie (D:5)
  2 hound skeletons
  A howler monkey zombie (D:6)
  10 adders
  3 shadow imps (D:6)
  2 white imps
  An ufetubus (D:4)
  A worm (D:1)
  4 dart slugs
  61 orcs
  12 ball pythons
  5 endoplasms
  2 giant cockroaches
  4 goblins (D:1)
  13 hobgoblins
  4 jackals (D:3)
  2 quokkas (D:4)
  9 bats
  3 frilled lizards
  11 kobolds
  A rat (D:2)
513 creatures vanquished.

Vanquished Creatures (others)
  A kobold brigand (D:9)
  6 demonic plants (Gauntlet)
  9 fungi
  7 plants
23 creatures vanquished.

Grand Total: 536 creatures vanquished

Notes
Turn   | Place    | Note
-------+----------+-------------------------------------------
     0 | D:1      | Peloso the Minotaur Fighter began the quest for the Orb.
     0 | D:1      | Reached XP level 1. HP: 19/19 MP: 0/0
    51 | D:1      | Reached skill level 4 in Shields
   258 | D:1      | Reached XP level 2. HP: 27/27 MP: 1/1
   568 | D:1      | Found a faded altar of an unknown god.
   906 | D:2      | Reached XP level 3. HP: 23/33 MP: 2/2
  1631 | D:3      | Reached XP level 4. HP: 36/40 MP: 3/3
  1801 | D:3      | Noticed a phantom
  1826 | D:3      | Killed a phantom
  1827 | D:3      | Reached XP level 5. HP: 12/46 MP: 4/4
  2154 | D:3      | Found an ornate altar of the Wu Jian Council.
  2156 | D:3      | Found a radiant altar of Vehumet.
  2971 | D:4      | Noticed a phantom
  2996 | D:4      | Killed a phantom
  2997 | D:4      | Reached skill level 5 in Long Blades
  2997 | D:4      | Reached skill level 5 in Shields
  2997 | D:4      | Reached XP level 6. HP: 22/53 MP: 5/5
  3246 | D:4      | Found a large runed translucent door.
  3247 | D:4      | Found a large runed translucent door.
  3309 | D:4      | Reached skill level 5 in Armour
  3804 | D:5      | Entered Level 5 of the Dungeon
  3844 | D:5      | Noticed a water moccasin
  3886 | D:4      | Killed a water moccasin
  3887 | D:4      | Reached skill level 5 in Fighting
  3887 | D:4      | Reached XP level 7. HP: 12/61 MP: 6/6
  4440 | D:5      | Noticed a shadow
  4480 | D:5      | Killed a shadow
  4481 | D:5      | Reached skill level 1 in Dodging
  4481 | D:5      | Reached skill level 6 in Shields
  4821 | D:5      | Reached XP level 8. HP: 59/69 MP: 7/7
  4959 | D:5      | Reached skill level 7 in Shields
  5709 | D:6      | Reached skill level 8 in Shields
  5993 | D:6      | Reached XP level 9. HP: 77/77 MP: 8/8
  6448 | D:6      | Found a staircase to the Ecumenical Temple.
  6466 | Temple   | Entered the Ecumenical Temple
  6797 | D:4      | Found a sacrificial altar of Ru.
  6809 | D:4      | Found a white marble altar of Elyvilon.
  7116 | D:7      | Reached skill level 9 in Shields
  7188 | D:7      | Found an iron altar of Okawaru.
  7247 | D:7      | Became a worshipper of Warmaster Okawaru
  7950 | D:8      | Reached * piety under Okawaru
  8162 | D:8      | Noticed Pikel
  8189 | D:8      | Killed Pikel
  8190 | D:8      | Reached skill level 10 in Long Blades
  8350 | D:8      | Found a broken altar of Ashenzari.
  8431 | D:8      | Found a staircase to the Lair.
  8454 | D:8      | Reached ** piety under Okawaru
  8653 | D:8      | Reached XP level 10. HP: 77/88 MP: 9/9
  9179 | D:8      | Noticed a two-headed ogre
  9189 | D:8      | Killed a two-headed ogre
  9189 | D:8      | Reached *** piety under Okawaru
  9611 | D:9      | Reached skill level 10 in Shields
  9819 | D:9      | Noticed a cyclops
  9833 | D:10     | Entered Level 10 of the Dungeon
 10009 | D:9      | Killed a cyclops
 10059 | D:9      | Noticed a skeletal warrior
 10060 | D:9      | Noticed a skeletal warrior
 10065 | D:9      | Noticed a white ugly thing
 10218 | D:10     | Reached **** piety under Okawaru
 10319 | D:10     | Reached skill level 10 in Armour
 10653 | D:10     | Reached XP level 11. HP: 74/97 MP: 10/10
 10977 | D:9      | Noticed a six-headed hydra
 10992 | D:10     | Killed a six-headed hydra
 10993 | D:10     | Reached skill level 1 in Stealth
 11273 | D:9      | Reached ***** piety under Okawaru
 11314 | D:9      | Killed a white ugly thing
 11315 | D:9      | Reached skill level 11 in Shields
 11315 | D:9      | Reached skill level 1 in Invocations
 11471 | D:9      | Noticed a skeletal warrior
 11482 | D:9      | Noticed a boulder beetle
 11853 | D:11     | Received a gift from Okawaru
 12061 | D:11     | Noticed a two-headed ogre
 12076 | D:11     | Killed a two-headed ogre
 12624 | Lair:1   | Entered Level 1 of the Lair of Beasts
 13693 | Lair:2   | Found a staircase to the Shoals.
 13788 | Lair:2   | Reached skill level 12 in Shields
 14016 | Lair:2   | Noticed a seven-headed hydra
 14034 | Lair:2   | Killed a seven-headed hydra
 14034 | Lair:2   | Identified the +1 cloak "Guzxeven" {Rampage rPois} (Okawaru
                  | gifted it to you on level 2 of the Lair of Beasts)
 14034 | Lair:2   | Received a gift from Okawaru
 14035 | Lair:2   | Reached skill level 10 in Fighting
 14392 | Lair:2   | Found a runed translucent gate.
 14410 | Lair:2   | Noticed Qucvyi Areg's ghost (journeyman DrTm)
 14438 | Lair:2   | Reached XP level 12. HP: 106/106 MP: 12/12
 14573 | Lair:2   | Noticed an ice dragon
 14639 | Lair:2   | Found a runed translucent gate.
 14639 | Lair:2   | Found a runed translucent gate.
 15355 | Lair:3   | Found a transporter.
 15357 | Lair:3   | Found a transporter.
 15358 | Lair:3   | Noticed a boulder beetle
 15358 | Lair:3   | Noticed a boulder beetle
 15478 | Lair:3   | Found a hole to the Spider Nest.
 15527 | Lair:3   | Noticed Rupert
 15540 | Lair:3   | Killed Rupert
 15541 | Lair:3   | Reached skill level 13 in Shields
 15791 | Lair:3   | Noticed a four-headed hydra
 15866 | Lair:3   | Killed a four-headed hydra
 15881 | Lair:3   | Reached skill level 5 in Dodging
 15965 | Lair:3   | Reached skill level 1 in Maces & Flails
 16884 | Lair:4   | Noticed a boulder beetle
 16915 | Lair:4   | Killed a boulder beetle
 16916 | Lair:4   | Reached skill level 14 in Shields
 16924 | Lair:4   | Noticed a boulder beetle
 17694 | Lair:4   | Found the +3 pair of seven-league boots {Rampage+∞}
 18084 | D:12     | Found a gate leading to a gauntlet.
 18085 | D:12     | Noticed a boulder beetle
 18093 | Gauntlet | Entered a Gauntlet
 18093 | Gauntlet | Found a transporter.
 18093 | Gauntlet | Found a transporter.
 18327 | Gauntlet | Found a transporter.
 18327 | Gauntlet | Found a transporter.
 18335 | Gauntlet | Found a transporter.
 18382 | Gauntlet | Found a transporter.
 18392 | Gauntlet | Noticed a ghost crab
 18399 | Gauntlet | Found a transporter.
 18413 | Gauntlet | Found a transporter.
 18431 | Gauntlet | Found a transporter.
 18519 | Gauntlet | Noticed a catoblepas
 18520 | Gauntlet | Found a transporter.
 18530 | Gauntlet | Found a transporter.
 18553 | Gauntlet | Found a transporter.
 18580 | Gauntlet | Found a transporter.
 18608 | Gauntlet | Found a transporter.
 18653 | Gauntlet | Found a transporter.
 18670 | Gauntlet | Found a transporter.
 18670 | Gauntlet | Noticed a boulder beetle
 18670 | Gauntlet | a tyrant leech changed into a boulder beetle
 18727 | Gauntlet | a boulder beetle changed into a goliath frog
 19042 | Gauntlet | Identified the +0 cloak of Faote {rCorr Dex-4 Stlth+}
 19063 | Gauntlet | Noticed a bunyip
 19065 | Gauntlet | Noticed a five-headed hydra
 19069 | Gauntlet | Noticed an ettin
 19069 | Gauntlet | a bunyip changed into an ettin
 19071 | Gauntlet | Noticed a great orb of eyes
 19076 | Gauntlet | Noticed an ice dragon
 19076 | Gauntlet | a great orb of eyes changed into an ice dragon
 19079 | Gauntlet | Noticed a quicksilver ooze
 19079 | Gauntlet | an ice dragon changed into a quicksilver ooze
 19082 | Gauntlet | Noticed a fire dragon
 19082 | Gauntlet | a quicksilver ooze changed into a fire dragon
 19085 | Gauntlet | a fire dragon changed into a goliath frog
 19128 | Gauntlet | Killed a catoblepas
 19128 | Gauntlet | Identified the +0 kite shield of Action {Str+4} (Okawaru
                  | gifted it to you in a Gauntlet)
 19128 | Gauntlet | Received a gift from Okawaru
 19129 | Gauntlet | Reached XP level 13. HP: 86/116 MP: 13/13
 19174 | Gauntlet | Identified the +1 pair of boots of Fun {Str+4 Int+2}
 19184 | Gauntlet | Noticed an ettin
 19189 | Gauntlet | Noticed an azure jelly
 19238 | Gauntlet | Identified the +2 chain mail of the Ageless Wonders {*Slow
                  | rElec Regen+ Int+2}
 19241 | Gauntlet | Identified the ring "Jakhop" {rPois rN+ Will- MP+9}
 19458 | Gauntlet | Identified the +1 chain mail "Usiblir" {rF+ Will+}
 19458 | Gauntlet | Noticed a minotaur
 19472 | Gauntlet | Killed a minotaur
 20635 | D:9      | Found a staircase to the Orcish Mines.
 20654 | D:9      | Found the +2 shield of Resistance {rF++ rC++ Will++}
 20670 | D:9      | Identified the +3 whip "Ogrebane" {vamp, Will+}
 20692 | D:9      | Reached skill level 1 in Evocations
 20946 | D:9      | Reached skill level 15 in Shields
 21402 | D:9      | Found a runed translucent gate.
 21402 | D:9      | Found a runed translucent gate.
 21402 | D:9      | Found a runed translucent gate.
 21402 | D:9      | Noticed Alfie's ghost (journeyman HOFi)
 21403 | D:9      | Identified the amulet "Demp" {Acrobat rPois rN++}
 21490 | D:9      | Received a gift from Okawaru
 22086 | Orc:1    | Entered Level 1 of the Orcish Mines
 22509 | Orc:2    | Entered Level 2 of the Orcish Mines
 22955 | Orc:2    | Found Wajar's Weapon Emporium.
 22955 | Orc:2    | Found Guus Zupn's Antique Armour Boutique.
 22957 | Orc:2    | Found Peiskedi's Armour Shop.
 22959 | Orc:2    | Found Ifualuog's Weapon Shoppe.
 22991 | Orc:2    | Found a runed translucent door.
 23001 | Orc:2    | Found the +10 tower shield of Ignorance {rN+ Int-4}
 23036 | Orc:2    | Bought a smouldering scale mail for 297 gold pieces
 23036 | Orc:2    | Identified the +1 scale mail "Daisor" {Rampage rF+ Int-2
                  | Dex+3} (You bought it in a shop on level 2 of the Orcish
                  | Mines)
 23064 | Orc:2    | Found Antaus's Book Shoppe.
 23066 | Orc:2    | Found a staircase to the Elven Halls.
 23149 | Orc:2    | Reached ****** piety under Okawaru
 23150 | Orc:2    | Reached XP level 14. HP: 111/127 MP: 13/15
 23154 | Orc:2    | Identified the +4 plate armour of Beyond {Fly rPois rCorr
                  | Str-5} (Okawaru gifted it to you on level 2 of the Orcish
                  | Mines)
 23154 | Orc:2    | Received a gift from Okawaru
 23366 | Orc:2    | Found a large runed translucent door.
 23366 | Orc:2    | Found a large runed translucent door.
 23387 | Orc:2    | Noticed Tinylith's ghost (journeyman MfBe)
 23515 | Orc:2    | Found a runed translucent door.
 23721 | Orc:2    | Killed Tinylith's ghost
 23722 | Orc:2    | Reached skill level 16 in Shields
 24186 | D:9      | Killed Alfie's ghost
 24187 | D:9      | Reached skill level 15 in Long Blades
 24378 | D:13     | Found Fosinlebb's Changing Room.
 24400 | D:13     | Found the +13 scythe of Curses {drain, Drain}
 24476 | D:13     | Noticed Nessos
 24494 | D:13     | Killed Nessos
 24561 | D:13     | Found a gate to the Vaults.
 24993 | D:13     | Found Gathrof's Armour Emporium.
 25390 | D:14     | Received a gift from Okawaru
 25567 | D:14     | Reached skill level 17 in Shields
 25664 | D:14     | Found a shimmering blue altar of Sif Muna.
 25719 | D:14     | Identified the +7 trident of Bodily Harmony {elec, rElec
                  | Int-2 Dex+5}
 25949 | D:14     | Found a portal to a secret trove of treasure.
 26041 | D:15     | Entered Level 15 of the Dungeon
 26079 | D:15     | HP: 4/130 [something/shard of ice (24)]
 26094 | D:15     | Slain by a deep elf knight

Illustrated notes

Levels and vault maps discovered:
D:1:      lemuel_arrival_hallway, layout_rooms,
          hellmonk_ecumenical_altar_leap_of_faith, roderic_malta_cross,
          chequers_serial_rivers_room_a, nrook_campfire, nicolae_wormholes
D:2:      layout_basic, serial_park_tiny_1
D:3:      layout_loops_ring, minitemple
D:4:      layout_basic, jmf_multi_god_temple2
D:5:      cheibrodos_fzero, layout_loops_ring
D:6:      layout_loops_ring, lemuel_temple_firewalk_b, roderic_batcave,
          minmay_misc_feat_more_columns
D:7:      layout_basic, kennysheep_mini, serial_rivers,
          chequers_serial_rivers_large_b, chequers_serial_rivers_micro_c,
          chequers_serial_rivers_micro_e, chequers_serial_rivers_small_b
D:8:      layout_loops_ring, cheibrodos_ashenzari_chains, uniq_pikel
D:9:      minmay_the_grid_triangle_9x9_recursive_2_mashed
          [minmay_the_grid_triangle_9x9_prize_top_heavy,
          minmay_the_grid_triangle_9x9_impossible_snake,
          minmay_the_grid_triangle_9x9_sparse_checkered,
          minmay_the_grid_triangle_9x9_steps], layout_basic, orc_0_dummy,
          gammafunk_ghost_nasty_kobolds, hangedman_decor_riveting
D:10:     layout_gridville, hangedman_abyss_or_decor_stagger
D:11:     layout_roguey
D:12:     layout_basic, gauntlet_entry_generic
D:13:     layout_loops_cross, david_vaults_3, serial_shops,
          nicolae_shop_hallway_stairs, serial_glass, glass_columns_c,
          glass_columns_a, nicolae_transmutations_shop
D:14:     layout_basic, trove_entry_hex_spiral, minmay_misc_feat_nine_boxes,
          lemuel_blue_sif_altar
D:15:     grunt_enter_depths_magical_seal, layout_long_grid,
          nicolae_kikubaaqudgha_miasma_corner
Temple:   eino_temple_rhombus
Lair:1:   layout_cave_pods, serial_bayou_shore_a, infiniplex_staircase_pool_2
Lair:2:   layout_chaotic_city, elwin_shoals_entry_rocks, gammafunk_ghost_icy
Lair:3:   gammafunk_boulding_lane, layout_gridlike,
          nicolae_spider_entry_orb_guardian, serial_bayou_pond_a, uniq_rupert
Lair:4:   layout_cave_pods, hellmonk_guarded_unrand_seven_league_boots
Orc:1:    layout_caves
Orc:2:    st_orc_rangers, layout_caves, ebering_ghost_disaster_area,
          serial_shops, shop, chequers_guarded_unrand_ignorance

Skill      XL: |  1  2  3  4  5  6  7  8  9 10 11 12 13 14 |
---------------+-------------------------------------------+-----
Shields        | 4 5 6 8 9 10 12 14 15 17 | 17.1
Armour         | 4 5 6 7 8 10 12 13 14 | 14.7
Long Blades    | 3 4 5 6 8 10 11 12 13 14 15 | 15.9
Fighting       | 4 5 6 7 9 10 11 12 13 | 13.9
Dodging        | 1 2 4 5 6 |  6.8
Stealth        | 1 2 |  2.3
Invocations    | 1 2 |  2.8
Maces & Flails | 1 |  1.0
Evocations     | 1 |  1.5

Action                   |  1- 3 |  4- 6 |  7- 9 | 10-12 | 13-15 || total
-------------------------+-------+-------+-------+-------+-------++-------
Melee: Long sword        |    62 |   139 |   342 |   182 |       ||   725
       Headbutt          |    10 |    18 |    74 |   193 |   263 ||   558
       Falchion          |       |       |       |   459 |   351 ||   810
       Whip              |       |       |       |    40 |       ||    40
       Scimitar          |       |       |       |       |   639 ||   639
Invok: Heroism           |       |       |       |    20 |    15 ||    35
Evoke: Wand              |       |       |       |     6 |     6 ||    12
  Use: Potion            |       |     1 |       |     3 |     3 ||     7
       Scroll            |       |       |     9 |    10 |     5 ||    24
 Stab: Invisible         |       |       |       |     1 |       ||     1
Armor: Scale mail        |     3 |       |       |       |       ||     3
       Chain mail        |    38 |    57 |   142 |   272 |   320 ||   829
Dodge: Dodged            |    23 |    34 |    87 |   152 |   263 ||   559
Block: Buckler           |    16 |       |       |       |       ||    16
       Kite shield       |     3 |   102 |   204 |   455 |   701 ||  1465
